 Dungeon Crawl Stone Soup version 0.30-a0-651-g0755cc6dcf (webtiles) character file.

Game seed: 9188938675004218931

8 Fenrisus the Caller (level 2, 0/11 HPs)
             Began as a Felid Summoner on Jan 17, 2023.
             Slain by a frilled lizard (2 damage)
             ... on level 1 of the Dungeon.
             The game lasted 00:01:58 (185 turns).

Fenrisus the Caller (Felid Summoner)                 Turns: 185, Time: 00:01:59

Health: 0/11       AC:  1    Str:  4    XL:     2   Next: 0%
Magic:  3/6        EV: 17    Int: 16    God:
Gold:   15         SH:  0    Dex: 16    Spells: 4/5 levels left
                                        Lives:  0   Deaths: 0

rFire   . . .      SeeInvis +    (weapon unavailable)
rCold   . . .      Faith    .    (shield unavailable)
rNeg    . . .      Spirit   .    (body armour unavailable)
rPois   .          Reflect  .    (helmet unavailable)
rElec   .          Harm     .    (cloak unavailable)
rCorr   .          Rampage  .    (gloves unavailable)
Will    .....                    (boots unavailable)
Stlth   ++                       (no amulet)
HPRegen 0.21/turn                (no ring)
MPRegen 0.10/turn                (no ring)

@: quick
A: very small, claws 1, fangs 3, see invisible, speed 1, shaggy fur 1, stealthy
paws, no weapons or thrown items, no armour, multi-lived
a: no special abilities


You were on level 1 of the Dungeon.
You visited 1 branch of the dungeon, and saw 1 of its levels.

You collected 15 gold pieces.

Inventory:

Scrolls
 b - a scroll of acquirement {unknown}
Potions
 a - a potion of magic


   Skills:
 + Level 3.0 Dodging
 + Level 3.0 Stealth
 + Level 2.1 Spellcasting
 + Level 4.1 Summonings


You had 4 spell levels left.
You knew the following spells:

 Your Spells              Type           Power      Damage    Failure   Level
a - Summon Small Mammal   Summ           56%        N/A       3%          1

Your spell library contained the following spells:

 Spells                   Type           Power      Damage    Failure   Level
 Call Imp                 Summ           14%        N/A       6%          2
 Call Canine Familiar     Summ           14%        N/A       12%         3
 Summon Guardian Golem    Hex/Summ       8%         N/A       26%         3
 Summon Lightning Spire   Summ/Air       8%         N/A       65%         4


Dungeon Overview and Level Annotations

Branches:
Dungeon (1/15)

Altars:


Innate Abilities, Weirdness & Mutations

You have sharp claws.
You have razor-sharp teeth.
You have supernaturally acute eyesight. (SInv)
You cover ground quickly. (Speed+)
You are covered in fur. (AC +1)
Your paws help you pounce on unaware monsters.
You are incapable of wielding weapons or throwing items.
You cannot wear armour.
You gain extra lives every three experience levels.


Message History

Your bat dies!
Your bat's corpse disappears in a puff of smoke!
The frilled lizard misses you.
You scratch the jackal.
The jackal is moderately wounded.
The jackal barely misses you. The frilled lizard bites you.
You scratch the jackal.
The jackal is heavily wounded.
The jackal misses you.
The frilled lizard completely misses you.
The jackal completely misses you.
You scratch the jackal.
The jackal is almost dead.
The jackal misses you. The frilled lizard misses you.
You scratch the jackal.
You kill the jackal!
The frilled lizard bites you.
* * * LOW HITPOINT WARNING * * *
Your Dodging skill increases to level 3!
You have reached level 2!
You are too injured to fight recklessly!
You are too injured to fight recklessly!
You are too injured to fight recklessly!
You are too injured to fight recklessly!
You are too injured to fight recklessly!
You are too injured to fight recklessly!
You are too injured to fight recklessly!
You are too injured to fight recklessly!
You are too injured to fight recklessly!
You barely miss the frilled lizard. The jackal closely misses you.
The jackal bites you.
* * * LOW HITPOINT WARNING * * *
The frilled lizard barely misses you.
You scratch the frilled lizard. Your bite misses the frilled lizard.
The frilled lizard is heavily wounded.
The jackal barely misses you. The frilled lizard misses you.
You barely miss the frilled lizard.
The frilled lizard is heavily wounded.
The jackal completely misses you. The frilled lizard bites you.
You die...

#.# #. . #.. . . #.† .#. #r#
##.## #.# #... #.# #.#######
##############.#####.......#
#.......gKh@l............#.#
#.#.####.#####.#########.#.#
######.#.# ##.## #.# #.#.#
.........###h..####.## #.#.#
....##...........)...# #.#.#
....)..g####...####..# #.#.#
.>..##.######### ♣### #.#.#
....##......# ###.#
#.####g....## #.#


You could see a jackal, a goblin, a kobold and a frilled lizard.

Vanquished Creatures
  A jackal (D:1)
1 creature vanquished.

Vanquished Creatures (collateral kills)
  2 hobgoblins (D:1)
  2 jackals (D:1)
  A ball python (D:1)
  A kobold (D:1)
6 creatures vanquished.

Grand Total: 7 creatures vanquished

Notes
Turn   | Place    | Note
-------+----------+-------------------------------------------
     0 | D:1      | Fenrisus the Felid Summoner began the quest for the Orb.
     0 | D:1      | Reached XP level 1. HP: 7/7 MP: 4/4
   183 | D:1      | Reached XP level 2. HP: 3/11 MP: 3/6
   185 | D:1      | Slain by a frilled lizard

Illustrated notes

Levels and vault maps discovered:
D:1:      roderic_dead_forest, layout_loops_ring,
          hellmonk_ecumenical_altar_crossroads, corexii_leaking_fountain,
          st_stairs_9

Skill      XL: |  1 |
---------------+----+-----
Stealth        | 3 |  3.0
Dodging        | 3 |  3.0
Spellcasting   | |  2.1
Summonings     | |  4.1

Action                   || total
-------------------------++-------
Melee: Unarmed           ||     9
 Cast: Summon Small Mamm ||     7
Armor: Skin              ||     1
Dodge: Dodged            ||    20

Table legend: (Time is in decaauts)
 A = Elapsed time spent in this place.
 B = Non-inter-level travel time spent in this place.
 C = Inter-level travel time spent in this place.
 D = Time resting spent in this place.
 E = Time spent auto-exploring this place.
 F = Levels seen in this place.
 G = Mean time per level.
                   A        B        C        D        E       F      G
               +--------+--------+--------+--------+--------+-----+--------+
         Total |    155 |     61 |     94 |      0 |      0 |   1 |  155.0 |
       Dungeon |    155 |     61 |     94 |      0 |      0 |   1 |  155.0 |
               +--------+--------+--------+--------+--------+-----+--------+

Top non-repeatable levels by time:
     D:1: 155 daAuts
